 Dungeon Crawl Stone Soup version 0.29.1-12-g30fa7ad0bf (webtiles) character file.

Game seed: 17759658410536315518

751 FaviusArthum the Conjurer (level 7, -8/38 HPs)
             Began as a Deep Elf Conjurer on Jan 14, 2023.
             Was an Initiate of Sif Muna.
             Mangled by a gnoll
             ... wielding a +0 halberd
             ... led by a gnoll bouda
              (15 damage)
             ... on level 6 of the Dungeon on Jan 15, 2023.
             The game lasted 00:21:36 (7109 turns).

FaviusArthum the Conjurer (Deep Elf Conjurer)       Turns: 7109, Time: 00:21:37

Health: -8/38      AC:  2    Str:  4    XL:     7   Next: 49%
Magic:  4/19       EV: 13    Int: 25    God:    Sif Muna [......]
Gold:   223        SH:  0    Dex: 13    Spells: 12/19 levels left

rFire   . . .      SeeInvis .   j - +2 shortbow
rCold   . . .      Faith    .   (shield currently unavailable)
rNeg    . . .      Spirit   .   a - +0 robe
rPois   .          Reflect  .   (no helmet)
rElec   .          Harm     .   (no cloak)
rCorr   .          Rampage  .   (no gloves)
Will    .....                   (no boots)
Stlth   ++........              (no amulet)
HPRegen 0.12/turn               m - ring of wizardry
MPRegen 0.16/turn               (no ring)

@: about to teleport, weakened
A: no striking features
a: Renounce Religion


You were on level 6 of the Dungeon.
You worshipped Sif Muna.
Sif Muna was noncommittal.
You visited 2 branches of the dungeon, and saw 7 of its levels.

You collected 223 gold pieces.

Inventory:

Hand Weapons
 e - a +0 trident
 h - a +3 quarterstaff
 j - a +2 shortbow (weapon)
 k - a +1 dagger
Missiles
 y - 5 atropa-tipped darts
Armour
 a - a +0 robe (worn)
Jewellery
 m - a ring of wizardry (left hand)
 w - a +4 ring of protection
Scrolls
 i - a scroll of identify
 l - a scroll of brand weapon
 n - a scroll of amnesia
 q - a scroll of poison {unknown}
 r - a scroll of butterflies
 v - a scroll of torment {unknown}
 x - 2 scrolls of acquirement {unknown}
Potions
 b - 2 potions of magic
 c - a potion of invisibility {unknown}
 d - 2 potions of mutation {unknown}
 f - 2 potions of curing {unknown}
 g - 3 potions of ambrosia {unknown}
 p - a potion of heal wounds {unknown}
 t - a potion of haste {unknown}
 u - a potion of brilliance {unknown}


   Skills:
 + Level 1.0 Fighting
 + Level 1.1 Ranged Weapons
 + Level 3.1 Dodging
 + Level 4.0 Stealth
 + Level 6.7 Spellcasting
 + Level 7.0 Conjurations
 * Level 3.7 Hexes


You had 12 spell levels left.
You knew the following spells:

 Your Spells              Type           Power      Damage    Failure   Level
a - Magic Dart            Conj           100%       1d8       1%          1
b - Searing Ray           Conj           86%        2d7       1%          2
c - Fulminant Prism       Conj/Hex       17%        3d11      3%          4

Your spell library contained the following spells:

 Spells                   Type           Power      Damage    Failure   Level
 Dazzling Flash           Conj/Hex       70%        N/A       1%          3
 Portal Projectile        Hex/Tloc       34%        N/A       4%          3
 Hailstorm                Conj/Ice       26%        3d7       6%          4
 Iskenderun's Mystic Bla  Conj/Tloc      26%        2d7       6%          4
 Call Canine Familiar     Summ           8%         N/A       9%          3
 Gell's Gravitas          Tloc           8%         N/A       9%          3
 Lesser Beckoning         Tloc           8%         N/A       9%          3
 Teleport Other           Tloc           8%         N/A       9%          3
 Leda's Liquefaction      Hex/Erth       8%         N/A       13%         4
 Ice Form                 Ice/Tmut       8%         N/A       26%         4
 Simulacrum               Ice/Necr       4%         N/A       98%         6


Dungeon Overview and Level Annotations

Branches:
Dungeon (6/15)             Temple (1/1) D:5

Altars:
Ashenzari
Cheibriados
Elyvilon
Gozag
Hepliaklqana
Kikubaaqudgha
Makhleb
Nemelex Xobeh
Okawaru
Qazlal
Ru
Sif Muna
Trog
Uskayaw
Vehumet
Wu Jian
Xom
Zin
The Shining One


Message History

Your fulminant prism crackles loudly.
The steam dragon breathes steam at you. The ball of steam misses you.
An orc comes into view. It is wielding a +0 flail.
The gnoll bouda barks out a call to the hunt!
Your fulminant prism explodes!
The blast of energy engulfs the gnoll bouda!!
You kill the gnoll bouda!
Sif Muna accepts your kill.
The blast of energy engulfs the steam dragon!!
You kill the steam dragon!
Sif Muna accepts your kill.
The blast of energy engulfs the gnoll!!
You kill the gnoll!
Sif Muna accepts your kill.
You hear a shout!
The orc shouts!
You hear a shout!
Your Fighting skill increases to level 1!
Your Ranged Weapons skill increases to level 1!
Your Stealth skill increases to level 4!
Your Conjurations skill increases to level 7!
As you read the scroll of teleportation, it crumbles to dust.
You feel strangely unstable.
You are engulfed in a cloud of scalding steam.
* * * LOW HITPOINT WARNING * * *
A gnoll comes into view. It is wielding a +0 club.
Your magical contamination has completely faded away.
The shadow imp is engulfed in a cloud of scalding steam.
The shadow imp attacks as you move away!
The shadow imp completely misses you.
Casting: Fulminant Prism (dangerous; 3% risk of failure)
Confirm with . or Enter, or press ? or * to list all spells.
Aiming: Searing Ray (safe; 1% risk of failure)
Press: ? - help, Shift-Dir - straight line, f - shadow imp
Aim: a shadow imp (severely wounded, 80% to hit)
The searing ray hits the shadow imp!
You kill the shadow imp!
Sif Muna accepts your kill. (Press . to maintain the ray.)
The gnoll hits you from afar with a +0 halberd!
You die...

..................## ...#
#......§........... ....
#............)....# .....
#..........gg.....# .....
#.....§....†......#......
#...##........§...#..o...
#...##........g§§§.......
#...##............#......
#...##..........@.# .....
#...##............# ....
#...# ............# ...
#...# ############ ..
##### #


You could see 3 gnolls and an orc.

Vanquished Creatures
  A steam dragon (D:6)
  An ogre (D:5)
  A centaur (D:5)
  3 scorpions
  A howler monkey (D:4)
  A hound (D:4)
  A gnoll bouda (D:6)
  2 iguanas
  Robin (D:4)
  A gnoll (D:6)
  4 adders
  A shadow imp (D:6)
  2 worms
  3 dart slugs (D:2)
  2 orcs (D:4)
  5 endoplasms
  2 giant cockroaches
  12 goblins
  11 hobgoblins
  3 kobolds
  4 quokkas
  6 ball pythons
  6 bats
  2 frilled lizards
  A rat (D:1)
77 creatures vanquished.

Vanquished Creatures (others)
  4 fulminant prisms
4 creatures vanquished.

Grand Total: 81 creatures vanquished

Notes
Turn   | Place    | Note
-------+----------+-------------------------------------------
     0 | D:1      | FaviusArthum the Deep Elf Conjurer began the quest for the
                  | Orb.
     0 | D:1      | Reached XP level 1. HP: 10/10 MP: 6/6
   316 | D:1      | Reached XP level 2. HP: 15/15 MP: 5/8
   319 | D:1      | Learned a level 2 spell: Searing Ray
   674 | D:2      | Reached skill level 5 in Conjurations
   801 | D:2      | Reached XP level 3. HP: 19/19 MP: 6/9
  2401 | D:3      | Reached XP level 4. HP: 24/24 MP: 3/11
  2566 | D:3      | Learned a level 4 spell: Fulminant Prism
  2573 | D:3      | Found a snail-covered altar of Cheibriados.
  2869 | D:3      | Reached skill level 6 in Conjurations
  3243 | D:3      | Found an iron altar of Okawaru.
  3834 | D:4      | Found an ornate altar of the Wu Jian Council.
  3954 | D:4      | Reached XP level 5. HP: 28/28 MP: 5/13
  4216 | D:4      | Noticed Robin
  4241 | D:4      | Reached skill level 1 in Hexes
  5180 | D:4      | Killed Robin
  5181 | D:4      | Reached skill level 5 in Spellcasting
  5297 | D:4      | Noticed an orc warrior
  5321 | D:4      | Reached XP level 6. HP: 33/33 MP: 9/15
  5370 | D:5      | Entered Level 5 of the Dungeon
  5889 | D:5      | Found a staircase to the Ecumenical Temple.
  5943 | Temple   | Entered the Ecumenical Temple
  6116 | Temple   | Became a worshipper of Sif Muna the Loreminder
  6327 | D:5      | Reached XP level 7. HP: 37/37 MP: 11/18
  7082 | D:6      | Noticed a steam dragon
  7105 | D:6      | Killed a steam dragon
  7106 | D:6      | Reached skill level 1 in Fighting
  7106 | D:6      | Reached skill level 1 in Ranged Weapons
  7106 | D:6      | Reached skill level 7 in Conjurations
  7109 | D:6      | Mangled by a gnoll

Illustrated notes

Levels and vault maps discovered:
D:1:      minmay_arrival_radiant_lines, layout_rooms
D:2:      minmay_wonky_spiral, layout_loops_ring, serial_co_window_serial,
          co_window_paths_b, co_window_paths_b, co_window_paths_a,
          co_window_paths_a, co_window_paths_a, co_window_paths_c,
          co_window_2corner, co_window_of_opportunity_b,
          co_window_unsneaky_path_e, due_unseen_surprise
D:3:      layout_loops_ring, lemuel_crystal_altar, mainiacjoe_overflow_alcove_2,
          hangedman_decor_clover_reticule
D:4:      layout_gridville, nzn_wu_jian_council_hall, uniq_robin
D:5:      layout_basic, minmay_temple_entry_ruins
D:6:      layout_basic, uniq_prince_ribbit1
Temple:   nicolae_temple_slightly_damp_pantheon

Skill      XL: |  1  2  3  4  5  6  7 |
---------------+----------------------+-----
Conjurations   | 5 6 7 |  7.0
Spellcasting   | 4 5 6 |  6.7
Stealth        | 3 4 |  4.0
Hexes          | 1 3 |  3.7
Dodging        | 3 |  3.1
Fighting       | 1 |  1.0
Ranged Weapons | 1 |  1.1

Action                   |  1- 3 |  4- 6 |  7- 9 || total
-------------------------+-------+-------+-------++-------
Melee: Dagger            |     7 |     1 |       ||     8
 Fire: Shortbow          |       |     5 |       ||     5
 Cast: Magic Dart        |    55 |    72 |       ||   127
       Searing Ray       |    13 |    40 |     1 ||    54
       Fulminant Prism   |       |       |     4 ||     4
  Use: Scroll            |     3 |     7 |     2 ||    12
Armor: Robe              |     4 |     6 |       ||    10
Dodge: Dodged            |     7 |    14 |     3 ||    24
